 Dungeon Crawl Stone Soup version 0.29.1-13-g9f3cf754e1 (webtiles) character file.

Game seed: 1846966721716076153

86560 Oxelix the Severer (level 15, 0/127 HPs)
             Began as a Demonspawn Berserker on Feb 3, 2023.
             Was the Champion of Trog.
             Constricted to death by Jorgrun (3 damage)
             ... while petrified by Jorgrun
             ... on level 14 of the Dungeon.
             The game lasted 00:49:19 (26046 turns).

Oxelix the Severer (Demonspawn Berserker)          Turns: 26046, Time: 00:49:20

Health: 0/127      AC: 22    Str: 34    XL:     15   Next: 41%
Magic:  0/15       EV: -1    Int:  9    God:    Trog [******]
Gold:   1281       SH:  0    Dex: 13    Spells: 14/14 levels left

rFire   + . .      SeeInvis .   A - +3 battleaxe (venom)
rCold   . . .      Faith    .   (shield currently unavailable)
rNeg    + + +      Spirit   +   n - +10 chain mail of Ru's Hope {rPois Str+4}
rPois   ∞          Reflect  .   (helmet restricted)
rElec   .          Harm     .   (cloak unavailable)
rCorr   .          Rampage  .   (no gloves)
Will    +....                   D - +0 pair of boots of Untold Secrets {+Inv Slay+5}
Stlth   ..........              (no amulet)
HPRegen 0.31/turn               d - ring of protection from fire
MPRegen 0.28/turn               T - +6 ring of strength

@: agile, petrified, grasped by roots, constricted
A: antennae 2, claws 2, powered by pain 2, magic shield, magic regeneration,
weakness stinger 3
a: Renounce Religion, Evoke Invisibility, Berserk, Trog's Hand, Brothers in Arms


You were on level 14 of the Dungeon.
You worshipped Trog.
Trog was exalted by your worship.
You visited 3 branches of the dungeon, and saw 20 of its levels.
You also visited: Bailey, Ice Cave and Volcano.

You collected 1685 gold pieces.
You spent 404 gold pieces at shops.

Inventory:

Hand Weapons
 a - a +3 war axe of freezing
 f - a +3 broad axe
 A - a +3 battleaxe of venom (weapon)
 J - a +5 war axe of flaming
 Z - the +7 mace "Ujuiput" {drain, Will+ SInv}
   (You found it in an ice cave)

   A truly terrible weapon, it drains the life of any living foe it strikes.
   SInv:      It lets you see invisible.
   Will:      It increases your willpower.
Missiles
 I - 12 boomerangs (quivered)
 Q - 3 boomerangs of dispersal
 U - 5 javelins
Armour
 n - the +10 chain mail of Ru's Hope (worn) {rPois Str+4}
   (You found it on level 3 of the Dungeon)

   Str:       It affects your strength (+4).
   rPois:     It protects you from poison.
 D - the +0 pair of boots of Untold Secrets (worn) {+Inv Slay+5}
   (You found it on level 2 of the Lair of Beasts)

   Slay:      It affects your accuracy & damage with ranged weapons and melee
   (+5).
   +Inv:      It lets you turn invisible.
Jewellery
 d - a ring of protection from fire (left claw)
 u - a ring of protection from fire
 v - a ring of resist corrosion
 x - a ring of flight
 O - a ring of see invisible
 R - a ring of poison resistance
 T - a +6 ring of strength (right claw)
Wands
 b - a wand of digging (6)
 p - a wand of acid (19)
 q - a wand of flame (85)
 F - a wand of roots (21)
 G - a wand of charming (8)
 P - a wand of mindburst (8)
Scrolls
 c - 2 scrolls of blinking
 e - 8 scrolls of teleportation
 g - 4 scrolls of poison
 h - 4 scrolls of vulnerability
 j - 2 scrolls of magic mapping
 m - 2 scrolls of enchant weapon
 r - 7 scrolls of fear
 y - 3 scrolls of butterflies
 B - 6 scrolls of enchant armour
Potions
 i - 3 potions of curing
 k - a potion of lignification
 l - 11 potions of might
 s - 7 potions of ambrosia
 t - a potion of invisibility
 w - 4 potions of cancellation
 z - 3 potions of mutation
 C - a potion of heal wounds
 E - 4 potions of magic
 H - 2 potions of flight
 L - 2 potions of resistance
 W - 2 potions of haste {unknown}
Miscellaneous
 o - a phantom mirror
 K - a tin of tremorstones (2/2)


   Skills:
 + Level 14.5 Fighting
 - Level 17.9 Axes
 + Level 9.5 Armour
 + Level 9.6 Dodging


You had 14 spell levels left.
You didn't know any spells.
Your spell library was empty.

Dungeon Overview and Level Annotations

Branches:
Dungeon (14/15)            Temple (1/1) D:7            Lair (5/5) D:8
 Shoals (0/4) Lair:2       Spider (0/4) Lair:3        Slime (0/5) Lair:5
    Orc (0/2) D:12         Vaults (0/5) D:13         Bailey (visited)
  IceCv (visited)         Volcano (visited)

Altars:
Ashenzari
Cheibriados
Dithmenos
Fedhas
Gozag
Hepliaklqana
Kikubaaqudgha
Makhleb
Nemelex Xobeh
Okawaru
Qazlal
Ru
Sif Muna
Trog
Uskayaw
Vehumet
Wu Jian
Xom
Yredelemnul
Jiyva

Shops:
D:1 ![[**   D:2 (   D:9 ?

Portals:
Trove: D:12 (give +4 shadow dragon scales)

Annotations:
D:8 exclusion: electric eel
D:14 Jorgrun
Lair:5 1 runed translucent door


Innate Abilities, Weirdness & Mutations

You have a pair of antennae on your head.
You have very sharp fingernails.
You sometimes gain power by taking damage.
When hurt, damage is shared between your health and your magic reserves.
You regenerate magic rapidly.
You have a sharp stinger which inflicts weakening toxins.


Message History

Jorgrun gestures at you while chanting. You resist with significant effort.
The vampire mosquito bites you but does no damage.
The rime drake bites you but does no damage.
The vampire mosquito bites you but does no damage.
The vampire mosquito bites you.
* * * LOW HITPOINT WARNING * * *
Jorgrun points at you and mumbles some strange words.
Roots burst forth from the earth!
The grasping roots grab you! The grasping roots constrict you!
* * * LOW HITPOINT WARNING * * *
The rime drake bites you but does no damage.
The vampire mosquito bites you but does no damage.
The vampire mosquito bites you but does no damage. x3
The rime drake bites you but does no damage.
The vampire mosquito bites you.
* * * LOW HITPOINT WARNING * * *
Jorgrun hits you with a staff of earth.
* * * LOW HITPOINT WARNING * * *
The grasping roots constrict you!
* * * LOW HITPOINT WARNING * * *
The vampire mosquito bites you but does no damage. x2
The vampire mosquito bites you.
The vampire mosquito bites you but does no damage.
The vampire mosquito bites you.
* * * LOW HITPOINT WARNING * * *
The rime drake bites you but does no damage.
Jorgrun points at you and mumbles some strange words.
You resist with significant effort. The grasping roots constrict you.
* * * LOW HITPOINT WARNING * * *
The vampire mosquito bites you but does no damage. x2
The vampire mosquito bites you.
The vampire mosquito bites you but does no damage. x2
The rime drake bites you but does no damage.
The vampire mosquito bites you but does no damage.
Jorgrun hits you with a staff of earth.
* * * LOW HITPOINT WARNING * * *
The grasping roots constrict you!
You die...

......!......
........... .
......... ..
.....^. ... .
..... ....
...###... .....
......yy#......
.#.
......y@gC........
.
#......#k........
.. ###.#./
#...##.. ... ..
#.! #..$.#. .... .
... #..........
.... #.......#
.....#####....#
..........<.....#
........k.......


You could see Jorgrun (extremely poisoned), a cyclops, a rime drake (poisoned)
and 3 vampire mosquitoes.

Vanquished Creatures
  Rupert (Lair:4)
  A frost giant (IceCv)
  An orc warlord (Bailey)
  Josephine (D:12)
  A fire dragon (Volcano)
  2 vault guards (D:13)
  Fannar (D:11)
  Erolcha (D:12)
  Harold (Lair:2)
  2 boulder beetles (Lair:3)
  2 hydras
  A centaur warrior (D:13)
  A catoblepas (Lair:5)
  2 tengu warriors (D:13)
  7 death yaks
  3 two-headed ogres
  4 sun demons (Volcano)
  The ghost of SonOfSpiff the Ruffian, a novice TrMo of Yredelemnul (D:6)
  3 wizards (D:13)
  A lindwurm (Lair:5)
  Pikel (D:7)
  A necromancer (D:13)
  An ugly thing (D:12)
  2 deep elf pyromancers (D:13)
  2 oklob plants (Lair:2)
  2 cyclopes (D:11)
  9 elephants (Lair:5)
  5 manticores
  2 black mambas
  An ice statue (IceCv)
  4 smoke demons (Volcano)
  A gargoyle (D:10)
  A torpor snail (Lair:1)
  16 cane toads
  10 rime drakes
  2 unseen horrors
  5 komodo dragons
  3 kobold demonologists
  A wind drake (Lair:2)
  4 trolls
  3 meliai (D:13)
  A queen bee (Lair:3)
  12 polar bears
  A slime creature (D:13)
  12 blink frogs
  A vampire (D:12)
  6 basilisks
  8 wraiths
  4 wyverns
  54 yaks
  Grum (D:11)
  19 humans (D:13)
  3 steam dragons (Volcano)
  10 vampire mosquitoes
  An acid dragon (D:11)
  10 water moccasins
  A hell hound (D:14)
  3 black bears
  7 orc warriors
  An ice beast (D:7)
  A sky beast (D:6)
  4 ogres
  53 wolves
  2 centaurs
  2 lemures (D:7)
  2 phantoms (D:5)
  10 kobold brigands
  13 bullfrogs
  5 gnoll sergeants (D:12)
  4 necrophages
  3 scorpions
  10 wights
  26 killer bees
  3 howler monkeys
  3 electric eels (D:8)
  8 hounds
  6 jellies
  7 orc priests
  A gnoll bouda (D:8)
  An iguana (D:5)
  14 orc wizards
  8 hell rats
  9 gnolls
  6 adders
  A river rat (D:6)
  A shadow imp (D:6)
  2 ufetubi (D:5)
  2 worms
  56 orcs
  8 ball pythons
  9 endoplasms
  2 giant cockroaches
  5 goblins
  6 hobgoblins
  10 jackals
  34 kobolds
  3 quokkas
  10 bats
  3 frilled lizards
  4 rats
625 creatures vanquished.

Vanquished Creatures (collateral kills)
  A deep troll shaman (Lair:5)
  3 death yaks (Lair:5)
4 creatures vanquished.

Vanquished Creatures (others)
  21 fungi
  20 plants
41 creatures vanquished.

Grand Total: 670 creatures vanquished

Notes
Turn   | Place    | Note
-------+----------+-------------------------------------------
     0 | D:1      | Oxelix the Demonspawn Berserker began the quest for the
                  | Orb.
     0 | D:1      | Reached XP level 1. HP: 18/18 MP: 1/1
   225 | D:1      | Found Orakhlesm's Antique Armour Boutique.
   406 | D:1      | Reached skill level 3 in Axes
   476 | D:1      | Gained mutation: You regenerate magic rapidly. [demonic
                  | ancestry]
   476 | D:1      | Reached XP level 2. HP: 9/24 MP: 2/2
   771 | D:1      | Found Zimiur's Assorted Antiques.
   809 | D:1      | Found Xesch's Assorted Antiques.
   859 | D:1      | Found Oqi Zaal's Armour Shoppe.
  1188 | D:1      | Found Gisuraly's Distillery.
  1209 | D:1      | Bought a potion of degeneration for 10 gold pieces
  1309 | D:2      | Found a faded altar of an unknown god.
  1351 | D:2      | Found Gelir's Weapon Shoppe.
  1376 | D:2      | Gained mutation: When hurt, damage is shared between your
                  | health and your magic reserves. [demonic ancestry]
  1376 | D:2      | Reached XP level 3. HP: 29/29 MP: 3/3
  1991 | D:2      | Reached skill level 4 in Axes
  1991 | D:2      | Discovered your monstrous ancestry.
  1991 | D:2      | Gained mutation: You have a pair of small antennae on your
                  | head. [demonic ancestry]
  1991 | D:2      | Reached XP level 4. HP: 15/37 MP: 4/4
  2970 | D:3      | Identified the +10 chain mail of Ru's Hope {rPois Str+4}
  2986 | D:3      | Reached ** piety under Trog
  3358 | D:3      | Gained mutation: You have sharp fingernails. [demonic
                  | ancestry]
  3358 | D:3      | Reached XP level 5. HP: 42/42 MP: 3/5
  3907 | D:4      | Identified the +2 helmet of Midsummer {*Corrode rPois rF+++
                  | Int+4}
  3973 | D:4      | Reached skill level 5 in Axes
  4384 | D:4      | Gained mutation: You sometimes gain a little power by
                  | taking damage. [demonic ancestry]
  4384 | D:4      | Reached XP level 6. HP: 44/49 MP: 6/6
  4774 | D:5      | Entered Level 5 of the Dungeon
  5036 | D:5      | Reached skill level 5 in Fighting
  5036 | D:5      | Reached skill level 6 in Axes
  5056 | D:5      | Gained mutation: You have a small tail. [demonic ancestry]
  5056 | D:5      | Reached XP level 7. HP: 51/56 MP: 7/7
  5060 | D:5      | Found a hide-covered altar of Uskayaw.
  5681 | D:5      | Reached skill level 7 in Axes
  5826 | D:1      | Bought a scroll labelled JAWIMI JIONEA for 21 gold pieces
  5826 | D:1      | Bought a scroll labelled SORUCZ TUBLIBE for 21 gold pieces
  5849 | D:1      | Bought 2 scrolls labelled BAUNGO SICE for 48 gold pieces
  5849 | D:1      | Bought a scroll labelled HEUNAU ZAAH for 24 gold pieces
  5898 | D:1      | Bought a potion of heal wounds for 50 gold pieces
  6159 | D:6      | Reached *** piety under Trog
  6203 | D:6      | Reached XP level 8. HP: 64/64 MP: 8/8
  6324 | D:6      | Found a bloodstained altar of Trog.
  6340 | D:6      | Found a sparkling altar of Nemelex Xobeh.
  6505 | D:6      | Found a runed translucent door.
  6510 | D:6      | Noticed SonOfSpiff's ghost (novice TrMo)
  6577 | D:6      | Reached skill level 8 in Axes
  6764 | D:6      | Noticed an angel
  6779 | D:6      | Found a runed translucent door.
  6817 | D:6      | Killed SonOfSpiff's ghost
  6818 | D:6      | Reached skill level 9 in Axes
  6818 | D:6      | Gained mutation: You sometimes gain power by taking damage.
                  | [demonic ancestry]
  6818 | D:6      | Reached XP level 9. HP: 41/72 MP: 6/9
  7338 | D:7      | Identified the +2 ring mail of Dim Light {-Cast Rampage
                  | rPois rF+}
  7401 | D:7      | Noticed Pikel
  7418 | D:7      | Killed Pikel
  7419 | D:7      | Reached skill level 10 in Axes
  7440 | D:7      | Found a flagged portal.
  7447 | D:7      | Reached **** piety under Trog
  7471 | Bailey   | Entered a bailey
  7486 | Bailey   | Noticed an orc warlord
  7924 | Bailey   | Found a runed translucent gate.
  7926 | Bailey   | Found a runed translucent gate.
  7928 | Bailey   | Found a runed translucent gate.
  8078 | Bailey   | Killed an orc warlord
  8079 | Bailey   | Reached skill level 11 in Axes
  8079 | Bailey   | Gained mutation: You have a pair of antennae on your head.
                  | [demonic ancestry]
  8079 | Bailey   | Reached XP level 10. HP: 83/83 MP: 10/10
  8256 | D:7      | You fall into a shaft and drop 2 floors!
  8529 | D:8      | Found a staircase to the Lair.
  8698 | D:8      | Reached ***** piety under Trog
  9111 | D:8      | Noticed a two-headed ogre
  9118 | D:8      | Killed a two-headed ogre
  9119 | D:8      | Reached skill level 12 in Axes
 10321 | D:7      | Found a staircase to the Ecumenical Temple.
 10332 | Temple   | Entered the Ecumenical Temple
 10694 | D:7      | Reached skill level 10 in Fighting
 11056 | D:9      | Found Oskus's Magic Scroll Shop.
 11059 | D:9      | Bought a scroll of torment for 95 gold pieces
 11059 | D:9      | Bought a scroll of identify for 20 gold pieces
 11059 | D:9      | Bought a scroll of butterflies for 40 gold pieces
 11059 | D:9      | Bought a scroll of enchant armour for 75 gold pieces
 11065 | D:9      | Reached skill level 13 in Axes
 11065 | D:9      | Reached XP level 11. HP: 90/90 MP: 11/11
 11576 | D:9      | Found a broken altar of Ashenzari.
 11810 | D:9      | Found a sacrificial altar of Ru.
 11812 | D:9      | Found an ornate altar of the Wu Jian Council.
 11846 | D:10     | Entered Level 10 of the Dungeon
 11987 | D:10     | Noticed a two-headed ogre
 11996 | D:10     | Killed a two-headed ogre
 12153 | D:10     | Reached skill level 14 in Axes
 12584 | D:10     | Gained mutation: You have a tail ending in a sharp stinger.
                  | [demonic ancestry]
 12584 | D:10     | Reached XP level 12. HP: 94/97 MP: 10/12
 12845 | D:10     | Identified the +2 leather armour "Bionte" {Stlth+}
 12917 | D:11     | Received a gift from Trog
 13186 | D:11     | Noticed Fannar
 13205 | D:11     | Killed Fannar
 13286 | D:11     | Noticed Grum
 13298 | D:11     | Killed Grum
 13333 | D:11     | Reached skill level 15 in Axes
 13799 | Lair:1   | Entered Level 1 of the Lair of Beasts
 14815 | Lair:1   | Noticed a seven-headed hydra
 14822 | Lair:1   | Killed a three-headed hydra
 15522 | Lair:1   | Identified a scroll of acquirement
 15527 | Lair:1   | Acquired a ring of protection from fire
 15559 | Lair:2   | Reached skill level 16 in Axes
 15797 | Lair:2   | Identified the +0 pair of boots of Untold Secrets {+Inv
                  | Slay+5}
 15972 | Lair:2   | Noticed Harold
 16008 | Lair:2   | Killed Harold
 16341 | Lair:2   | Found a staircase to the Shoals.
 16469 | Lair:2   | Reached skill level 17 in Axes
 16521 | Lair:2   | Found a blossoming altar of Fedhas.
 16532 | Lair:2   | Gained mutation: You have very sharp fingernails. [demonic
                  | ancestry]
 16532 | Lair:2   | Reached XP level 13. HP: 83/103 MP: 10/13
 17534 | Lair:3   | Found a frozen archway.
 17543 | IceCv    | Entered an ice cave
 17907 | IceCv    | Identified the +7 mace "Ujuiput" {drain, Will+ SInv}
 18119 | IceCv    | Noticed a frost giant
 18135 | IceCv    | Killed a frost giant
 19027 | Lair:3   | Reached skill level 5 in Armour
 19027 | Lair:3   | Reached skill level 5 in Dodging
 19173 | Lair:3   | Found a hole to the Spider Nest.
 19201 | Lair:3   | Received a gift from Trog
 19947 | Lair:4   | Found a dark tunnel.
 20043 | Volcano  | Entered a volcano
 20129 | Volcano  | Gained mutation: You have a sharp stinger which inflicts
                  | weakening toxins. [demonic ancestry]
 20129 | Volcano  | Reached XP level 14. HP: 46/116 MP: 9/14
 20522 | Volcano  | Found the +2 cloak of the Thief {*Fog Slay-2 SInv Stlth+}
 21393 | Lair:4   | Noticed Rupert
 21400 | Lair:4   | Killed Rupert
 21667 | Lair:5   | Entered Level 5 of the Lair of Beasts
 21672 | Lair:5   | Received a gift from Trog
 21684 | Lair:5   | Found a runed translucent door.
 21685 | Lair:5   | Found a viscous altar of Jiyva.
 21686 | Lair:5   | Noticed an acid blob
 21686 | Lair:5   | Noticed an acid blob
 21686 | Lair:5   | Noticed an acid blob
 21687 | Lair:5   | Found a staircase to the Slime Pits.
 23266 | D:12     | Noticed Josephine
 23278 | D:12     | Killed Josephine
 23577 | D:12     | Found a portal to a secret trove of treasure.
 23680 | D:12     | Noticed Erolcha
 23686 | D:12     | Killed Erolcha
 23947 | D:12     | Found a staircase to the Orcish Mines.
 23972 | D:12     | Reached XP level 15. HP: 59/125 MP: 7/15
 25225 | D:13     | Reached ****** piety under Trog
 25259 | D:13     | Found a gate to the Vaults.
 25267 | D:13     | Received a gift from Trog
 25334 | D:13     | Found a viscous altar of Jiyva.
 25633 | D:14     | Noticed Jorgrun
 26045 | D:14     | HP: 5/127 [constriction (2)]
 26046 | D:14     | Constricted to death by Jorgrun

Illustrated notes

Levels and vault maps discovered:
D:1:      lightli_arrival_quake, layout_basic, serial_shops, shop, shop,
          nicolae_lakefront_shop, shop, nicolae_shop_advertising_works
          [nicolae_subvault_shop_adworks]
D:2:      layout_basic, serial_shops, shop,
          hellmonk_ecumenical_altar_slurped_away, minmay_misc_feat_columns,
          grunt_decor_mini_mirrors
D:3:      layout_basic
D:4:      layout_layer_cave
D:5:      layout_rooms, mainiacjoe_overflow_alcove_4, hex_medium
D:6:      layout_basic, zin_angel, trog_three_pillars_becter,
          nemelex_xobeh_ov_fountains_minmay, ebering_ghost_sewer_f
D:7:      layout_basic, minmay_temple_entry_proselytizer, enter_bailey_2,
          uniq_pikel
D:8:      layout_layer_cave, erik_lair_island
D:9:      layout_irregular_city, amcnicky_altar_gilded,
          nicolae_overflow_hidden_temple, serial_shops, nicolae_stop_n_shop_1,
          serial_glass, glass_columns_a, glass_columns_a, glass_columns_b,
          glass_columns_a, glass_columns_a
D:10:     layout_loops_ring
D:11:     layout_loops_cross, corexii_leaking_fountain, serial_park_tiny_2,
          uniq_grum, uniq_fannar
D:12:     layout_loops_cross, kennysheep_orc_monster_closet_entryway,
          enter_trove_0, st_stairs_5, uniq_erolcha, uniq_josephine
D:13:     layout_cave_pools, grunt_vaults_entry_tiered, jiyva_altar_1
D:14:     layout_cave_pools, special_room [special_room_mythical_zoo],
          tso_oasis_becter, uniq_jorgrun
Temple:   nicolae_temple_superstar
Lair:1:   layout_layer_cave, st_stairs_7, beast_lair_carwin_6
Lair:2:   layout_long_grid, minmay_shoals_entry_beasts, hangedman_tree_tricks,
          chequers_serial_rivers_room_a, grunt_megastairs_5,
          lemuel_fruit_fields, uniq_harold
Lair:3:   layout_cave_pods, dummy_spider_entry, portal_ice_cave_entry_pillars_1,
          special_room [special_room_bee], serial_bayou_shore_b
Lair:4:   layout_hall_layers, enter_volcano_1, beast_lair_carwin_1,
          serial_bayou_shore_b, lemuel_fruit_tree, uniq_rupert
Lair:5:   grunt_lair_end_beastmaster, layout_regular_city, slime_entry_2,
          patterned_corridor, grunt_megastairs_4

Skill      XL: |  1  2  3  4  5  6  7  8  9 10 11 12 13 14 15 |
---------------+----------------------------------------------+-----
Axes           | 3 4 5 6 7 9 11 13 14 17 | 17.9
Fighting       | 4 5 6 7 9 10 12 13 14 | 14.5
Armour         | 4 6 8 9 |  9.5
Dodging        | 4 5 8 9 |  9.6

Action                   |  1- 3 |  4- 6 |  7- 9 | 10-12 | 13-15 || total
-------------------------+-------+-------+-------+-------+-------++-------
Melee: Hand axe          |   117 |   221 |   200 |       |       ||   538
       Punch             |       |     2 |     5 |     7 |    12 ||    26
       Tailslap          |       |       |    59 |    80 |   114 ||   253
       War axe           |       |       |   151 |   124 |   484 ||   759
       Battleaxe         |       |       |       |   305 |   157 ||   462
Throw: Boomerang         |       |       |       |     1 |       ||     1
Invok: Berserk           |     2 |       |     2 |     5 |     4 ||    13
       Trog's Hand       |       |       |       |       |     1 ||     1
       Brothers in Arms  |       |       |       |       |     1 ||     1
Evoke: Wand              |       |       |       |     5 |     1 ||     6
  Use: Scroll            |       |       |    10 |     6 |    13 ||    29
       Potion            |       |       |     2 |     3 |     3 ||     8
 Stab: Invisible         |       |       |     4 |       |       ||     4
       Petrified         |       |       |       |       |     3 ||     3
Armor: Animal skin       |    12 |       |       |       |       ||    12
       Ring mail         |    66 |    31 |       |       |       ||    97
       Chain mail        |       |   117 |   259 |   296 |   531 ||  1203
Dodge: Dodged            |   114 |   104 |   118 |   279 |   447 ||  1062
